 Dungeon Crawl Stone Soup version 0.25.0-11-g1f837a76a1 (console) character file.

Game seed: 1884235479343908767

100 bli the Poker (level 4, -1/34 HPs)
             Began as a Demonspawn Gladiator on June 26, 2020.
             Killed by divine providence
             ... invoked by an orc priest
              (11 damage)
             ... on level 4 of the Dungeon.
             The game lasted 00:07:23 (1843 turns).

bli the Poker (Demonspawn Gladiator)                Turns: 1843, Time: 00:07:24

Health: -1/34      AC:  4    Str: 20    XL:     4   Next: 47%
Magic:  4/4        EV: 13    Int:  9    God:
Gold:   190        SH:  4    Dex: 16    Spells: 3/3 levels left

rFire    . . .     SeeInvis .   a - +0 trident
rCold    . . .     Gourm    .   (no shield)
rNeg     . . .     Faith    .   b - +0 leather armour
rPois    .         Spirit   .   c - +0 helmet
rElec    .         Reflect  .   (no cloak)
rCorr    +         Harm     .   (no gloves)
MR       .....                  (no boots)
Stlth    ++........             (no amulet)
HPRegen  0.11/turn              q - +6 ring of strength
MPRegen  0.09/turn              z - ring of resist corrosion

@: mighty
A: large bone plates 1, nightstalker 1
a: no special abilities


You were on level 4 of the Dungeon.
You were not hungry.

You visited 1 branch of the dungeon, and saw 4 of its levels.

You collected 190 gold pieces.

Inventory:

Hand Weapons
 a - a +0 trident (weapon)
Missiles
 d - 2 throwing nets
 l - 8 boomerangs (quivered)
 r - 3 atropa-tipped darts
 x - 26 poisoned darts
Armour
 b - a +0 leather armour (worn)
 c - a +0 helmet (worn)
 j - a cursed +0 scale mail
 o - a +0 ring mail
Jewellery
 q - a +6 ring of strength (left hand)
 z - a ring of resist corrosion (right hand)
Scrolls
 h - 2 scrolls of teleportation {unknown}
 i - a scroll of random uselessness {unknown}
 k - 4 scrolls of remove curse {unknown}
 m - a scroll of fog {unknown}
 s - 3 scrolls of noise {unknown}
 t - a scroll of immolation {unknown}
 y - 3 scrolls of magic mapping {unknown}
 B - a scroll of fear {unknown}
Potions
 n - a potion of magic {unknown}
 p - a potion of cancellation {unknown}
 u - a potion of resistance {unknown}
 v - a potion of stabbing {unknown}
 w - a potion of heal wounds {unknown}
 A - a potion of flight {unknown}
Comestibles
 f - 3 rations
 g - 3 chunks of flesh


   Skills:
 + Level 2.3 Fighting
 + Level 4.1 Polearms
 + Level 2.1 Throwing
 * Level 1.1 Armour
 + Level 2.9 Dodging


You had 3 spell levels left.
You didn't know any spells.
Your spell library was empty.

Dungeon Overview and Level Annotations

Branches:
Dungeon (4/15)
 Temple: D:4-7

Altars:


Innate Abilities, Weirdness & Mutations

You are partially covered in large bone plates. (SH +4)
You are slightly more attuned to the shadows.


Message History

The orc priest shouts!
You hit the orc priest.
The orc priest is almost dead.
The orc priest misses you.
The orc priest calls upon Beogh to heal the orc priest.
The orc priest is healed somewhat.
You hear a shout!
You hit the orc priest but do no damage.
The orc priest is severely wounded.
The orc priest invokes the aid of Beogh against you.
Beogh smites you!
Ouch! That really hurt!
* * * LOW HITPOINT WARNING * * *
The orc priest calls down the wrath of Beogh upon you.
You barely resist.
It was a potion of might.
You feel very mighty all of a sudden.
The orc priest calls down the wrath of Beogh upon you.
Beogh smites you!
You die...

#.#.#########.
#...oo@<......
#....#########
.... ... .P ≈


You could see 2 orc priests.

Vanquished Creatures
  3 adders
  An ooze (D:2)
  2 dart slugs (D:3)
  3 orcs
  5 giant cockroaches
  4 goblins
  6 hobgoblins
  7 jackals (D:2)
  2 quokkas
  8 bats
  7 frilled lizards
  6 kobolds
  7 rats
61 creatures vanquished.

Notes
Turn   | Place    | Note
-------+----------+-------------------------------------------
     0 | D:1      | bli the Demonspawn Gladiator began the quest for the Orb.
     0 | D:1      | Reached XP level 1. HP: 16/16 MP: 1/1
    66 | D:1      | Reached skill level 3 in Polearms
   118 | D:1      | Gained mutation: You are partially covered in large bone
                  | plates. (SH +4) [demonic ancestry]
   118 | D:1      | Reached XP level 2. HP: 22/22 MP: 2/2
   537 | D:2      | Gained mutation: You are slightly more attuned to the
                  | shadows. [demonic ancestry]
   537 | D:2      | Reached XP level 3. HP: 27/27 MP: 3/3
  1032 | D:2      | Reached skill level 4 in Polearms
  1420 | D:3      | Reached XP level 4. HP: 32/33 MP: 4/4
  1573 | D:3      | Reached skill level 1 in Armour
  1843 | D:4      | Killed from afar by an orc priest

Illustrated notes

Levels and vault maps discovered:
D:1:      scummos_arrival_hexagon, layout_rooms
D:2:      layout_rooms, grunt_decor_fettered
D:3:      layout_basic, serial_bayou_pond_c
D:4:      layout_loops_ring, okawaru_gym_becter, minmay_temple_entry_waves,
          first_ration, serial_bayou, serial_bayou_shore_b,
          serial_bayou_shore_a, serial_bayou_shore_b, serial_bayou_lagoon_b,
          serial_shops, shop, minmay_fractal_squares_5, uniq_natasha, uniq_robin

Skill      XL: |  1  2  3  4 |
---------------+-------------+-----
Polearms       | 3 4 |  4.1
Armour         | 1 |  1.1
Throwing       | 2 |  2.1
Fighting       | |  2.3
Dodging        | |  2.9

Action                   |  1- 3 |  4- 6 || total
-------------------------+-------+-------++-------
Melee: Trident           |   107 |    15 ||   122
Throw: Boomerang         |    26 |    31 ||    57
       Throwing net      |     2 |       ||     2
  Use: Potion            |       |     1 ||     1
 Stab: Sleeping          |     3 |       ||     3
  Eat: Chunk             |     2 |     1 ||     3
Armor: Leather armour    |    28 |       ||    28
Dodge: Dodged            |    55 |    13 ||    68
Block: Other             |    14 |     1 ||    15
